| TOP OF THE 1ST |
|
Boston Red Sox batting - Pitching for Chicago White Sox : RHP Dave Rozema
|
|
Pitching: RHP Dave Rozema
|
|
|
Batting: RHB Rick Burleson
|
0-0: Ball 1-0: Ball 2-0: Foul Ball, location: 2F 2-1: Called Strike 2-2: Foul Ball, location: 2F 2-2: Ball 3-2: SINGLE (Groundball, 56D, EV 103.1 MPH)
|
|
Batting: LHB Willie Montanez
|
0-0: Ball 1-0: Fly out, F8 (Flyball, 8RD, EV 103.1 MPH)
|
|
Batting: RHB Dwight Evans
|
0-0: Foul Ball, location: 2F 0-1: Swinging Strike 0-2: Ball 1-2: Ball 2-2: SINGLE (Groundball, 34D, EV 97.5 MPH) Rick Burleson to second Runner from 2nd tries for 3rd, SAFE, no throw by RF
|
|
Batting: SHB Reggie Smith
|
0-0: Called Strike 0-1: Foul Ball, location: 2F 0-2: Strikes out swinging
|
|
Batting: RHB George C Scott
|
0-0: Called Strike 0-1: Ball 1-1: Foul Ball, location: 2F 1-2: Foul Ball, location: 2F 1-2: Foul Ball, location: 2F 1-2: Ball 2-2: Ball 3-2: Ground out 4-3 (Groundball, 4S, EV 90.0 MPH)
|
| Top of the 1st over - 0 runs, 2 hits, 0 errors, 2 left on base; Boston 0 - Chicago 0 |
| BOTTOM OF THE 1ST |
|
Chicago White Sox batting - Pitching for Boston Red Sox : RHP Dick Ruthven
|
|
Pitching: RHP Dick Ruthven
|
|
|
Batting: SHB Dwayne Taggart
|
0-0: Called Strike 0-1: Ball 1-1: Foul Ball, location: 2F 1-2: Ball 2-2: Foul Ball, location: 2F 2-2: Ball 3-2: Fly out, F7 (Flyball, 78S, EV 93.8 MPH)
|
|
Batting: LHB Mitchell Page
|
0-0: Called Strike 0-1: Called Strike 0-2: Ball 1-2: Foul Ball, location: 2F 1-2: Ball 2-2: Ground out U3 (Groundball, 3, EV 89.4 MPH)
|
|
Batting: RHB Brian Downing
|
0-0: Foul Ball, location: 2F 0-1: Swinging Strike 0-2: Ball 1-2: Ground out 6-3 (Groundball, 4MS, EV 83.1 MPH)
|
| Bottom of the 1st over - 0 runs, 0 hits, 0 errors, 0 left on base; Boston 0 - Chicago 0 |
| TOP OF THE 2ND |
|
Boston Red Sox batting - Pitching for Chicago White Sox : RHP Dave Rozema
|
|
Batting: LHB Carl Yastrzemski
|
0-0: Called Strike 0-1: Swinging Strike 0-2: Ball 1-2: Foul Ball, location: 2F 1-2: Ball 2-2: Ball 3-2: SOLO HOME RUN (Flyball, 9D, EV 106.3 MPH), Distance : 380 ft
|
|
Batting: RHB Bill Zayas
|
0-0: SINGLE (Groundball, 6, EV 100.6 MPH) (infield hit)
|
|
Batting: RHB Manny Sanguillen
|
0-0: Fielders Choice at 2nd, 5-4 (Groundball, 56, EV 81.9 MPH)
|
|
Batting: RHB Dick Ruthven
|
0-0: Sac Bunt - play at second, runner OUT -> throw to first, DP!
|
| Top of the 2nd over - 1 run, 2 hits, 0 errors, 0 left on base; Boston 1 - Chicago 0 |
| BOTTOM OF THE 2ND |
|
Chicago White Sox batting - Pitching for Boston Red Sox : RHP Dick Ruthven
|
|
Batting: LHB Jason D Thompson
|
0-0: Ball 1-0: Foul Ball, location: 2F 1-1: Swinging Strike 1-2: Foul Ball, location: 2F 1-2: Ball 2-2: Foul Ball, location: 2F 2-2: Ball 3-2: Foul Ball, location: 2F 3-2: Fly out, F9 (Line Drive, 8RM, EV 106.9 MPH)
|
|
Batting: SHB Roy Smalley
|
0-0: Called Strike 0-1: Foul Ball, location: 2F 0-2: Foul Ball, location: 2F 0-2: Ball 1-2: Foul Ball, location: 2F 1-2: Ground out 1-3 (Groundball, 25, EV 66.3 MPH)
|
|
Batting: LHB Ryan MacFarland
|
0-0: Ball 1-0: Fly out, F9 (Flyball, 9LD, EV 106.3 MPH)
|
| Bottom of the 2nd over - 0 runs, 0 hits, 0 errors, 0 left on base; Boston 1 - Chicago 0 |
| TOP OF THE 3RD |
|
Boston Red Sox batting - Pitching for Chicago White Sox : RHP Dave Rozema
|
|
Batting: RHB Rick Burleson
|
0-0: Called Strike 0-1: Foul Ball, location: 2F 0-2: Ground out 4-3 (Groundball, 4, EV 88.8 MPH)
|
|
Batting: LHB Willie Montanez
|
0-0: Ground out 4-3 (Groundball, 4, EV 87.5 MPH)
|
|
Batting: RHB Dwight Evans
|
0-0: Foul Ball, location: 2F 0-1: Ball 1-1: Ball 2-1: Ball 3-1: Base on Balls
|
|
Batting: SHB Reggie Smith
|
0-0: SINGLE (Line Drive, 8RS, EV 94.4 MPH) Dwight Evans to second Runner from 2nd tries for 3rd, SAFE, throw by RF made to third
|
|
Batting: RHB George C Scott
|
0-0: Ball 1-0: Foul Ball, location: 2F 1-1: Ball 2-1: Ball 3-1: Swinging Strike 3-2: Foul Ball, location: 2F 3-2: Strikes out looking
|
| Top of the 3rd over - 0 runs, 1 hit, 0 errors, 2 left on base; Boston 1 - Chicago 0 |
| BOTTOM OF THE 3RD |
|
Chicago White Sox batting - Pitching for Boston Red Sox : RHP Dick Ruthven
|
|
Batting: RHB Kurt Cunningham
|
0-0: Called Strike 0-1: Ball 1-1: SINGLE (Line Drive, 9LS, EV 91.9 MPH)
|
|
Batting: LHB Rudy Law
|
0-0: Ball 1-0: SINGLE (Groundball, 34D, EV 97.5 MPH) Kurt Cunningham to second Runner from 2nd tries for 3rd, SAFE, no throw by RF
|
|
Batting: RHB Dave Rozema
|
0-0: Bunted foul 0-1: Ball 1-1: Sac Bunt to 23 - play at first, batter OUT! 3-4 Rudy Law to second
|
|
Batting: SHB Dwayne Taggart
|
0-0: Ball 1-0: Called Strike 1-1: Ball 2-1: Ball 3-1: Called Strike 3-2: Fly out, F2 (Popup, 25F, EV 78.1 MPH)
|
|
Batting: LHB Mitchell Page
|
0-0: Ball 1-0: Called Strike 1-1: Ball 2-1: Ball 3-1: SINGLE (Line Drive, 7, EV 99.4 MPH) Kurt Cunningham scores Rudy Law to third Runner from 3rd tries for Home, throw by LF and OUT! 7-2
|
| Bottom of the 3rd over - 1 run, 3 hits, 0 errors, 1 left on base; Boston 1 - Chicago 1 |
| TOP OF THE 4TH |
|
Boston Red Sox batting - Pitching for Chicago White Sox : RHP Dave Rozema
|
|
Batting: LHB Carl Yastrzemski
|
0-0: Ball 1-0: Ball 2-0: Called Strike 2-1: Called Strike 2-2: Ball 3-2: DOUBLE (Line Drive, 9LM, EV 101.3 MPH)
|
|
Batting: RHB Bill Zayas
|
0-0: Ground out 5-3 (Groundball, 5, EV 90.6 MPH)
|
|
Batting: RHB Manny Sanguillen
|
0-0: Called Strike 0-1: Ground out 6-3 (Groundball, 6, EV 111.9 MPH)
|
|
Batting: RHB Dick Ruthven
|
0-0: Ball 1-0: Foul Ball, location: 2F 1-1: Called Strike 1-2: Foul Ball, location: 2F 1-2: Foul Ball, location: 2F 1-2: Ground out 6-3 (Groundball, 6, EV 86.9 MPH)
|
| Top of the 4th over - 0 runs, 1 hit, 0 errors, 1 left on base; Boston 1 - Chicago 1 |
| BOTTOM OF THE 4TH |
|
Chicago White Sox batting - Pitching for Boston Red Sox : RHP Dick Ruthven
|
|
Batting: RHB Brian Downing
|
0-0: Called Strike 0-1: Ball 1-1: Ground out 4-3 (Groundball, 4, EV 85.0 MPH)
|
|
Batting: LHB Jason D Thompson
|
0-0: Ball 1-0: Ball 2-0: Ball 3-0: SINGLE (Groundball, 15S, EV 61.9 MPH) (infield hit)
|
|
Batting: SHB Roy Smalley
|
0-0: Fly out, F8 (Flyball, 8RM, EV 73.1 MPH)
|
|
Batting: LHB Ryan MacFarland
|
0-0: Ball 1-0: Called Strike 1-1: Ball 2-1: Ground out 4-3 (Groundball, 4M, EV 88.8 MPH)
|
| Bottom of the 4th over - 0 runs, 1 hit, 0 errors, 1 left on base; Boston 1 - Chicago 1 |
| TOP OF THE 5TH |
|
Boston Red Sox batting - Pitching for Chicago White Sox : RHP Dave Rozema
|
|
Batting: RHB Rick Burleson
|
0-0: SINGLE (Line Drive, 4D, EV 100.0 MPH)
|
|
Batting: LHB Willie Montanez
|
0-0: Ball 1-0: SINGLE (Line Drive, 56, EV 99.4 MPH) Rick Burleson to second
|
|
Batting: RHB Dwight Evans
|
0-0: Ball 1-0: Called Strike 1-1: Ball 2-1: Ball 3-1: Base on Balls Rick Burleson to third Willie Montanez to second
|
|
Batting: SHB Reggie Smith
|
0-0: Called Strike 0-1: Ball 1-1: Ball 2-1: Swinging Strike 2-2: Strikes out swinging
|
|
Batting: RHB George C Scott
|
0-0: Swinging Strike 0-1: Ball 1-1: SINGLE (Groundball, 6MD, EV 102.5 MPH) Rick Burleson scores Willie Montanez to third Dwight Evans to second Runner from 3rd tries for Home, throw by CF and OUT! 8-2
|
|
Batting: LHB Carl Yastrzemski
|
0-0: Ball 1-0: Called Strike 1-1: Called Strike 1-2: Ball 2-2: Fly out, F8 (Flyball, 89M, EV 83.8 MPH)
|
| Top of the 5th over - 1 run, 3 hits, 0 errors, 2 left on base; Boston 2 - Chicago 1 |
| BOTTOM OF THE 5TH |
|
Chicago White Sox batting - Pitching for Boston Red Sox : RHP Dick Ruthven
|
|
Batting: RHB Kurt Cunningham
|
0-0: Called Strike 0-1: Ball 1-1: SINGLE (Flyball, 9S, EV 85.0 MPH)
|
|
Batting: LHB Rudy Law
|
0-0: Called Strike 0-1: Ball 1-1: Ball 2-1: Foul Ball, location: 2F 2-2: Fielders Choice at 2nd, 3-6 (Groundball, 3, EV 81.9 MPH)
|
|
Batting: RHB Dave Rozema
|
0-0: Bunted foul 0-1: Sac Bunt to 2L - play at first, batter OUT! 2-4 Rudy Law to second
|
|
Batting: SHB Dwayne Taggart
|
0-0: Called Strike 0-1: Fly out, F7 (Flyball, 7D, EV 96.9 MPH)
|
| Bottom of the 5th over - 0 runs, 1 hit, 0 errors, 1 left on base; Boston 2 - Chicago 1 |
| TOP OF THE 6TH |
|
Boston Red Sox batting - Pitching for Chicago White Sox : RHP Dave Rozema
|
|
Batting: RHB Bill Zayas
|
0-0: Fly out, F7 (Flyball, 7S, EV 85.6 MPH)
|
|
Batting: RHB Manny Sanguillen
|
0-0: Fly out, F9 (Flyball, 9LSF, EV 85.0 MPH)
|
|
Batting: RHB Dick Ruthven
|
0-0: Called Strike 0-1: Reached on error, E2 (Groundball, 13S, EV 65.6 MPH)
|
|
Batting: RHB Rick Burleson
|
0-0: Called Strike 0-1: Ball 1-1: Ground out 2-3 (Groundball, 2R, EV 65.0 MPH)
|
| Top of the 6th over - 0 runs, 0 hits, 1 error, 1 left on base; Boston 2 - Chicago 1 |
| BOTTOM OF THE 6TH |
|
Chicago White Sox batting - Pitching for Boston Red Sox : RHP Dick Ruthven
|
|
Batting: LHB Mitchell Page
|
0-0: Called Strike 0-1: Fly out, F6 (Popup, 6M, EV 67.5 MPH)
|
|
Batting: RHB Brian Downing
|
0-0: Called Strike 0-1: Fly out, F9 (Flyball, 89M, EV 93.8 MPH)
|
|
Batting: LHB Jason D Thompson
|
0-0: Swinging Strike 0-1: Ball 1-1: Called Strike 1-2: Ground out U3 (Groundball, 3, EV 105.6 MPH)
|
| Bottom of the 6th over - 0 runs, 0 hits, 0 errors, 0 left on base; Boston 2 - Chicago 1 |
| TOP OF THE 7TH |
|
Boston Red Sox batting - Pitching for Chicago White Sox : RHP Dave Rozema
|
|
Batting: LHB Willie Montanez
|
0-0: Ball 1-0: Ball 2-0: SINGLE (Groundball, 56D, EV 98.8 MPH)
|
|
Batting: RHB Dwight Evans
|
0-0: Called Strike 0-1: Ball 1-1: Fly out, F9 (Flyball, 9S, EV 88.1 MPH)
|
|
Batting: SHB Reggie Smith
|
0-0: Hit by Pitch Willie Montanez to second
|
|
Batting: RHB George C Scott
|
0-0: Foul Ball, location: 2F 0-1: Called Strike 0-2: Foul Ball, location: 2F 0-2: Ball 1-2: Strikes out swinging
|
|
Batting: LHB Carl Yastrzemski
|
0-0: Called Strike 0-1: Ball 1-1: Foul Ball, location: 2F 1-2: Strikes out swinging
|
| Top of the 7th over - 0 runs, 1 hit, 0 errors, 2 left on base; Boston 2 - Chicago 1 |
| BOTTOM OF THE 7TH |
|
Chicago White Sox batting - Pitching for Boston Red Sox : RHP Dick Ruthven
|
|
Batting: SHB Roy Smalley
|
0-0: Fly out, F9 (Flyball, 9S, EV 83.8 MPH)
|
|
Batting: LHB Ryan MacFarland
|
0-0: Called Strike 0-1: SINGLE (Groundball, 56D, EV 100.0 MPH)
|
|
Batting: RHB Kurt Cunningham
|
0-0: Ball 1-0: Fly out, F9 (Flyball, 89S, EV 86.3 MPH)
|
|
Batting: LHB Rudy Law
|
0-0: Ball 1-0: SINGLE (Line Drive, 9S, EV 101.9 MPH) Ryan MacFarland to second Runner from 2nd tries for 3rd, SAFE, throw by RF made to third
|
|
Batting: RHB Dave Rozema
|
0-0: Called Strike 0-1: Ball 1-1: Called Strike 1-2: Ball 2-2: Foul Ball, location: 2F 2-2: Fly out, F6 (Line Drive, 6, EV 63.1 MPH)
|
| Bottom of the 7th over - 0 runs, 2 hits, 0 errors, 2 left on base; Boston 2 - Chicago 1 |
| TOP OF THE 8TH |
|
Boston Red Sox batting - Pitching for Chicago White Sox : RHP Dave Rozema
|
|
Batting: RHB Bill Zayas
|
0-0: Called Strike 0-1: Foul Ball, location: 2F 0-2: Strikes out swinging
|
|
Batting: RHB Manny Sanguillen
|
0-0: Called Strike 0-1: Foul Ball, location: 2F 0-2: Ball 1-2: Ball 2-2: Foul Ball, location: 2F 2-2: Foul Ball, location: 2F 2-2: Strikes out swinging
|
|
Pinch Hitting: LHB Al Oliver
|
0-0: SINGLE (Groundball, 56D, EV 100.6 MPH)
|
|
Batting: RHB Rick Burleson
|
0-0: Fly out, F7 (Flyball, 78S, EV 82.5 MPH)
|
| Top of the 8th over - 0 runs, 1 hit, 0 errors, 1 left on base; Boston 2 - Chicago 1 |
| BOTTOM OF THE 8TH |
|
Chicago White Sox batting - Pitching for Boston Red Sox : RHP Dick Ruthven
|
|
Pitching: LHP Tug McGraw
|
|
|
Now in LF: Larry Fritz
|
|
|
Batting: SHB Dwayne Taggart
|
0-0: Ball 1-0: Foul Ball, location: 2F 1-1: Swinging Strike 1-2: Foul Ball, location: 2F 1-2: Foul Ball, location: 2F 1-2: Ball 2-2: Strikes out looking
|
|
Batting: LHB Mitchell Page
|
0-0: Called Strike 0-1: SINGLE (Groundball, 4MD, EV 104.4 MPH)
|
|
Batting: RHB Brian Downing
|
0-0: Called Strike 0-1: Ball 1-1: Ball 2-1: SINGLE (Groundball, 34D, EV 93.8 MPH) Mitchell Page to second Runner from 2nd tries for 3rd, SAFE, throw by RF made to third
|
|
Pitching: RHP Bruce Sutter
|
|
|
Batting: LHB Jason D Thompson
|
0-0: Called Strike 0-1: Ball 1-1: Ball 2-1: Called Strike 2-2: Foul Ball, location: 2F 2-2: Strikes out swinging
|
|
Batting: SHB Roy Smalley
|
0-0: Called Strike 0-1: Foul Ball, location: 2F 0-2: Strikes out looking
|
| Bottom of the 8th over - 0 runs, 2 hits, 0 errors, 2 left on base; Boston 2 - Chicago 1 |
| TOP OF THE 9TH |
|
Boston Red Sox batting - Pitching for Chicago White Sox : RHP Dave Rozema
|
|
Batting: LHB Willie Montanez
|
0-0: Foul Ball, location: 2F 0-1: Foul Ball, location: 2F 0-2: Ball 1-2: Ball 2-2: SINGLE (Groundball, 34D, EV 96.9 MPH)
|
|
Batting: RHB Dwight Evans
|
0-0: Ball 1-0: Ball 2-0: Called Strike 2-1: Foul Ball, location: 2F 2-2: Foul Ball, location: 2F 2-2: Foul Ball, location: 2F 2-2: SINGLE (Groundball, 56D, EV 96.9 MPH) Willie Montanez to second
|
|
Batting: SHB Reggie Smith
|
0-0: Called Strike 0-1: Swinging Strike 0-2: Ball 1-2: Fly out, F8 (Flyball, 8LM, EV 75.6 MPH)
|
|
Batting: RHB George C Scott
|
0-0: Swinging Strike 0-1: Foul Ball, location: 2F 0-2: Strikes out looking
|
|
Batting: LHB Larry Fritz
|
0-0: Called Strike 0-1: Foul Ball, location: 2F 0-2: Strikes out swinging
|
| Top of the 9th over - 0 runs, 2 hits, 0 errors, 2 left on base; Boston 2 - Chicago 1 |
| BOTTOM OF THE 9TH |
|
Chicago White Sox batting - Pitching for Boston Red Sox : RHP Bruce Sutter
|
|
Now at 3B: Jerry Royster
|
|
|
Batting: LHB Ryan MacFarland
|
0-0: Ball 1-0: Ball 2-0: Fly out, F7 (Flyball, 7D, EV 91.9 MPH)
|
|
Batting: RHB Kurt Cunningham
|
0-0: Swinging Strike 0-1: Ball 1-1: Ball 2-1: Called Strike 2-2: Foul Ball, location: 2F 2-2: Foul Ball, location: 2F 2-2: Fly out, F9 (Flyball, 9LM, EV 90.0 MPH)
|
|
Batting: LHB Rudy Law
|
0-0: Called Strike 0-1: Ball 1-1: Ball 2-1: Foul Ball, location: 2F 2-2: Foul Ball, location: 2F 2-2: Foul Ball, location: 2F 2-2: Foul Ball, location: 2F 2-2: Ball 3-2: Strikes out swinging
|
| Bottom of the 9th over - 0 runs, 0 hits, 0 errors, 0 left on base; Boston 2 - Chicago 1 |
|